 Dungeon Crawl Stone Soup version 0.29.0-5-ge4962eb29e (webtiles) character file.

Game seed: 13409354516391295160

323 Sobieck the Fighter (level 6, -2/74 HPs)
             Began as an Ogre Brigand on Aug 28, 2022.
             Slain by a necrophage (6 damage)
             ... on level 3 of the Dungeon.
             The game lasted 00:08:41 (4500 turns).

Sobieck the Fighter (Ogre Brigand)                  Turns: 4500, Time: 00:08:41

Health: -2/74      AC:  4    Str: 18    XL:     6   Next: 47%
Magic:  15/15      EV:  9    Int: 12    God:
Gold:   121        SH:  0    Dex: 10    Spells: 5/5 levels left

rFire   . . .      SeeInvis .   a - +2 dagger {short}
rCold   . . .      Faith    .   (no shield)
rNeg    . . .      Spirit   .   v - +0 robe
rPois   .          Reflect  .   (helmet restricted)
rElec   .          Harm     .   c - +0 cloak
rCorr   .          Rampage  .   (gloves unavailable)
Will    .....                   (boots unavailable)
Stlth   ++........              (no amulet)
HPRegen 0.22/turn               g - ring of magical power
MPRegen 0.14/turn               (no ring)

@: mighty
A: large, unfitting armour, tough skin 1
a: no special abilities


You were on level 3 of the Dungeon.
You visited 1 branch of the dungeon, and saw 3 of its levels.

You collected 121 gold pieces.


Innate Abilities, Weirdness & Mutations

You are too large for most types of armour.
You have tough skin. (AC +1)


   Skills:
 + Level 8.4 Fighting
 - Level 2.0 Short Blades
 - Level 2.0 Throwing
 - Level 0.8 Dodging
 - Level 2.9 Stealth
 - Level 1.0 Evocations


You had 5 spell levels left.
You didn't know any spells.
Your spell library was empty.

Inventory:

Hand Weapons
 a - a +2 dagger (weapon) {short}
 b - a +0 sling
   (You found it on level 2 of the Dungeon)
 m - a +0 short sword {short}
   (You took it off a kobold on level 1 of the Dungeon)
Missiles
 d - 15 poisoned darts (quivered) {throwing}
 e - 3 curare-tipped darts {=fthrowing}
 f - 22 stones {throwing}
 C - 2 boomerangs {throwing}
Armour
 c - a +0 cloak (worn)
 h - a +0 robe
   (You found it on level 1 of the Dungeon)
 v - a +0 robe (worn)
 y - a +0 robe
   (You took it off an orc wizard on level 3 of the Dungeon)
 B - a +0 robe
   (You found it on level 3 of the Dungeon)
Magical Staves
 k - a staff of death {!astaff}
   (You found it on level 1 of the Dungeon)
Jewellery
 g - a ring of magical power (left hand)
   (You found it on level 1 of the Dungeon)
 A - a ring of protection from fire
   (You took it off an orc on level 3 of the Dungeon)
Wands
 n - a wand of flame (21)
   (You found it on level 2 of the Dungeon)
Scrolls
 l - 3 scrolls of identify {unknown}
 o - a scroll of noise {unknown}
 s - a scroll of teleportation {unknown}
 u - a scroll of butterflies {unknown}
 w - a scroll of fear {unknown}
 x - a scroll of blinking {unknown}
 z - a scroll of enchant armour {unknown}
 E - a scroll of magic mapping {unknown}
Potions
 i - a potion of flight {unknown}
 p - a potion of might
 q - a potion of degeneration {unknown}
 r - a potion of haste {unknown}
 t - a potion of berserk rage {unknown}
 D - a potion of curing {@q1}

Dungeon Overview and Level Annotations

Branches:
Dungeon (3/15) Zot: 13523

Altars:
Xom

#.########.# #.#
#.# ## #.# #.# .#
#.# #.# .. #.# #.#
##.### #.# #.#
..... #.########.##
..(
........#...#####n#
#.#####.........@.#
#.#######...#####.#
#..........## ...
############ ####


You could see a necrophage.


Message History

Terence looks scornfully at you.
You kill Terence!
Unknown command.
You now have 121 gold pieces (gained 4).
Things that are here:
a +0 mace {mace}; a +0 scale mail of fire resistance; the human corpse of Terence
d - 13 poisoned darts {throwing} (gained 2)
d - 15 poisoned darts {throwing} (gained 2)
d - 16 poisoned darts {throwing} (gained 1)
e - 3 curare-tipped darts {=fthrowing} (gained 2) Unknown command.
b - a +0 sling (weapon)
Unknown command.
Ijyb the Twisted Goblin comes into view.
She is wielding a +0 club, wearing a +1 leather armour of willpower and carrying a wand of iceblast (8).
Danger!
Unknown command.
Throw: 16 darts (poison) {throwing}
Press: ? - help, Shift-Dir - straight line, f - Ijyb
Aim: Ijyb, wielding a +0 club, wearing a +1 leather armour of willpower and carrying a wand of iceblast (8) (asleep, 98% to hit)
You throw a poisoned dart {throwing}. The poisoned dart {throwing} hits Ijyb.
Ijyb is poisoned.
Ijyb shouts!
Fire: b) +0 sling
Press: ? - help, Q - select action, (/) - cycle Shift-Dir - straight line, f/p - Ijyb
Aim: Ijyb, wielding a +0 club, wearing a +1 leather armour of willpower and carrying a wand of iceblast (8) (poisoned, 50% to hit)
You shoot a sling bullet. The sling bullet misses Ijyb.
Ijyb zaps a wand.
The mass of ice explodes!
The iceblast engulfs you!
Unknown command.
a - a +2 dagger (weapon)
{short} Unknown command.
Ijyb hits you with a +0 club.
A necrophage comes into view.
Unknown command.
You hit Ijyb but do no damage. Ijyb closely misses you.
Unknown command.
You hit Ijyb but do no damage. Ijyb closely misses you.
You hit Ijyb. Ijyb hits you with a +0 club.
Unknown command.
You hit Ijyb.
Ijyb looks more healthy.
Ijyb hits you with a +0 club.
You barely miss Ijyb. Ijyb hits you with a +0 club.
You hit Ijyb but do no damage. Ijyb hits you with a +0 club.
Unknown command.
You hit Ijyb. You punch Ijyb. Ijyb hits you with a +0 club.
You hit Ijyb. Ijyb hits you with a +0 club.
You closely miss Ijyb. Ijyb hits you with a +0 club.
You barely miss Ijyb. You hit Ijyb but do no damage. Ijyb closely misses you.
You barely miss Ijyb. Ijyb closely misses you.
You hit Ijyb. Ijyb hits you with a +0 club.
* * * LOW HITPOINT WARNING * * *
Unknown command.
You hit Ijyb but do no damage. Ijyb hits you with a +0 club.
* * * LOW HITPOINT WARNING * * *
You miss Ijyb. Ijyb hits you with a +0 club.
* * * LOW HITPOINT WARNING * * *
You feel better.
Ijyb screams, "Level is mine!
All mine!"
Ijyb hits you with a +0 club.
* * * LOW HITPOINT WARNING * * *
Unknown command.
Unknown command.
You hit Ijyb but do no damage. Ijyb hits you with a +0 club.
* * * LOW HITPOINT WARNING * * *
You hit Ijyb but do no damage. Ijyb hits you with a +0 club.
* * * LOW HITPOINT WARNING * * *
Unknown command.
You closely miss Ijyb. Ijyb hits you with a +0 club.
* * * LOW HITPOINT WARNING * * *
You hit Ijyb but do no damage. Ijyb closely misses you.
You hit Ijyb but do no damage. You hit Ijyb but do no damage.
Ijyb barely misses you.
Aiming: Throw Flame
Press: ? - help, Shift-Dir - straight line, f/p - Ijyb
Aim: Ijyb, wielding a +0 club, wearing a +1 leather armour of willpower and carrying a wand of iceblast (7) (severely wounded, 60% to hit)
The puff of flame misses Ijyb.
Ijyb hits you with a +0 club.
* * * LOW HITPOINT WARNING * * *
Unknown command.
You hit Ijyb but do no damage. Ijyb barely misses you.
You hit Ijyb but do no damage. Ijyb hits you with a +0 club.
* * * LOW HITPOINT WARNING * * *
You hit Ijyb but do no damage. Ijyb hits you with a +0 club.
* * * LOW HITPOINT WARNING * * *
Unknown command.
It was a potion of cancellation.
You feel magically purged. Ijyb hits you with a +0 club.
* * * LOW HITPOINT WARNING * * *
Unknown command.
It was a potion of might.
You feel very mighty all of a sudden. Ijyb closely misses you.
Unknown command.
You hit Ijyb. Ijyb hits you with a +0 club.
* * * LOW HITPOINT WARNING * * *
You hit Ijyb.
You kill Ijyb!
Unknown command.
You puncture the necrophage! The necrophage closely misses you.
You hit the necrophage. The necrophage hits you.
You die...

Skill      XL: |  1  2  3  4  5  6 |
---------------+-------------------+-----
Fighting       | 3 4 5 7 8 |  8.4
Short Blades   | 2 |  2.0
Evocations     | 1 |  1.0
Throwing       | |  2.0
Dodging        | |  0.8
Stealth        | |  2.9

Action                   |  1- 3 |  4- 6 || total
-------------------------+-------+-------++-------
Melee: Dagger            |   139 |   185 ||   324
       Punch             |     2 |     2 ||     4
 Fire: Sling             |       |    35 ||    35
Throw: Dart              |       |    25 ||    25
Evoke: Wand              |       |     1 ||     1
  Use: Potion            |       |     3 ||     3
 Stab: Sleeping          |       |     1 ||     1
Armor: Robe              |    59 |    35 ||    94
Dodge: Dodged            |    44 |    81 ||   125

Levels and vault maps discovered:
D:1:      tarquinn_simple_flora_water_f, layout_loops_ring,
          ebering_ecumenical_altar_box
D:2:      layout_basic, basic_altar, minmay_puff
D:3:      layout_loops_ring, gammafunk_ghost_stat_death, minmay_between,
          uniq_terence, uniq_ijyb

Notes
Turn   | Place    | Note
-------+----------+-------------------------------------------
     0 | D:1      | Sobieck the Ogre Brigand began the quest for the Orb.
     0 | D:1      | Reached XP level 1. HP: 22/22 MP: 1/1
    40 | D:1      | Reached skill level 3 in Fighting
   254 | D:1      | Found a faded altar of an unknown god.
   264 | D:1      | Reached XP level 2. HP: 28/32 MP: 2/2
   353 | D:1      | Reached skill level 4 in Fighting
  1215 | D:1      | Reached XP level 3. HP: 26/40 MP: 3/3
  1441 | D:2      | Found a shimmering altar of Xom.
  1541 | D:2      | Reached skill level 5 in Fighting
  2004 | D:2      | Reached XP level 4. HP: 50/50 MP: 4/4
  2238 | D:2      | Reached skill level 6 in Fighting
  2575 | D:3      | Noticed a scorpion
  2581 | D:2      | Killed a scorpion
  2582 | D:2      | Reached skill level 7 in Fighting
  2582 | D:2      | Reached XP level 5. HP: 37/62 MP: 5/5
  2821 | D:3      | Reached skill level 2 in Short Blades
  2821 | D:3      | Reached skill level 1 in Evocations
  3531 | D:2      | Reached XP level 6. HP: 56/71 MP: 6/6
  3822 | D:3      | Reached skill level 8 in Fighting
  4372 | D:3      | Noticed Terence
  4397 | D:3      | Killed Terence
  4463 | D:3      | Noticed Ijyb
  4493 | D:3      | HP: 14/72 [Ijyb/+0 club (6)]
  4495 | D:3      | HP: 5/72 [Ijyb/+0 club (5)]
  4498 | D:3      | Killed Ijyb
  4500 | D:3      | Slain by a necrophage

Vanquished Creatures
  A scorpion (D:2)
  An orc priest (D:3)
  Ijyb (D:3)
  Terence (D:3)
  An orc wizard (D:3)
  4 gnolls
  4 adders (D:2)
  A worm (D:3)
  2 dart slugs
  7 orcs
  5 bats
  5 endoplasms
  2 giant cockroaches
  10 goblins
  5 hobgoblins
  3 jackals (D:1)
  2 quokkas (D:3)
  4 ball pythons
  6 frilled lizards
  7 kobolds
  7 rats
79 creatures vanquished.

Table legend:
 A = Non-vault XP
 B = Vault XP
 C = Vault XP percentage of total XP
 D = Non-vault monster count
 E = Vault monster count
 F = Vault count percentage of total count
                 A         B        C        D         E       F
            +---------+---------+-------+---------+---------+-------
      Total |     368 |      94 |  20.3 |      70 |       9 |  11.4
            +---------+---------+-------+---------+---------+-------
        D:1 |      37 |       0 |   0.0 |      23 |       0 |   0.0
        D:2 |     204 |      18 |   8.1 |      29 |       5 |  14.7
        D:3 |     127 |      76 |  37.4 |      18 |       4 |  18.2
            +---------+---------+-------+---------+---------+-------

Illustrated notes

Table legend:
 A = Kills in this place as a percentage of kills in entire the game.
 B = Kills by you in this place as a percentage of kills by you in the entire game.
 C = Kills by friends in this place as a percentage of kills by friends in the entire game.
 D = Other kills in this place as a percentage of other kills in the entire game.
 E = Experience gained in this place as a percentage of experience gained in the entire game.
 F = Experience gained in this place divided by the number of levels of this place that you have seen.
                   A       B       C       D       E      F
               +-------+-------+-------+-------+-------+----------------------
         Total | 100.0 | 100.0 |   N/A |   N/A | 100.0 | 154.0
       Dungeon | 100.0 | 100.0 |   N/A |   N/A | 100.0 | 154.0
               +-------+-------+-------+-------+-------+----------------------

Table legend: (Time is in decaauts)
 A = Elapsed time spent in this place.
 B = Non-inter-level travel time spent in this place.
 C = Inter-level travel time spent in this place.
 D = Time resting spent in this place.
 E = Time spent auto-exploring this place.
 F = Levels seen in this place.
 G = Mean time per level.
                   A        B        C        D        E       F      G
               +--------+--------+--------+--------+--------+-----+--------+
         Total |   4475 |   4381 |     94 |   1417 |   2096 |   3 | 1491.7 |
       Dungeon |   4475 |   4381 |     94 |   1417 |   2096 |   3 | 1491.7 |
               +--------+--------+--------+--------+--------+-----+--------+

Top non-repeatable levels by time:
     D:2: 2070 daAuts
     D:1: 1334 daAuts
     D:3: 1070 daAuts
